 Dungeon Crawl Stone Soup version 0.31-a0-1616-gbeaec30b81 (webtiles) character file.

Game seed: 8968066879764051702

8022 AlmostDecent the Cleaver (level 11, 0/83 HPs)
             Began as a Demonspawn Berserker on Jan 10, 2024.
             Was an Elder of Trog.
             Slain by a sun demon (14 damage)
             ... summoned by a kobold demonologist
             ... on level 10 of the Dungeon.
             The game lasted 00:25:39 (9483 turns).

AlmostDecent the Cleaver (Demonspawn Berserker)     Turns: 9483, Time: 00:25:40

Health: 0/83       AC: 19    Str: 22    XL:     11   Next: 4%
Magic:  11/11      EV: 10    Int:  7    God:    Trog [****..]
Gold:   547        SH:  0    Dex: 13    Spells: 10/10 levels left

rFire   . . .        P - +1 war axe (freeze)
rCold   . . .        (no shield)
rNeg    . . .        E - +1 chain mail
rPois   +            (helmet restricted)
rElec   .            j - +2 cloak {rPois}
rCorr   .            (no gloves)
SInv    .            z - +2 pair of boots
Will    .....        A - amulet of the acrobat Stlth
                     (no ring)
HPRegen 0.33/turn    (no ring)
MPRegen 0.12/turn

%: acrobat
@: weakened, studying Polearms
A: horns 1, thin metallic scales 1, icemail 1, condensation shield
a: Renounce Religion, Berserk, Trog's Hand, Brothers in Arms


You were on level 10 of the Dungeon.
You worshipped Trog.
Trog was greatly pleased with you.
You visited 1 branch of the dungeon, and saw 10 of its levels.
You also visited: Sewer.

You collected 547 gold pieces.

Inventory:

Hand Weapons
 a - a +0 hand axe
 d - a +0 short sword of venom
 P - a +1 war axe of freezing (weapon)
Missiles
 y - a throwing net (quivered)
 O - 4 javelins
Armour
 j - a +2 cloak of poison resistance (worn)
 z - a +2 pair of boots (worn)
 E - a +1 chain mail (worn)
Jewellery
 b - a ring of willpower
 c - an amulet of magic regeneration
 w - a ring of protection from cold
 A - an amulet of the acrobat (around neck)
 B - a ring of positive energy
 D - a ring of protection from fire
 N - an amulet of faith
 Q - a ring of flight
Wands
 C - a wand of quicksilver (12)
 F - a wand of flame (94)
 I - a wand of digging (12)
 K - a wand of polymorph (8)
Scrolls
 f - 4 scrolls of poison
 i - 5 scrolls of revelation
 k - 2 scrolls of amnesia
 m - 8 scrolls of teleportation
 o - a scroll of enchant weapon
 p - a scroll of enchant armour
 q - 3 scrolls of immolation
 G - a scroll of acquirement
 J - a scroll of vulnerability
Potions
 e - 3 potions of might
 g - a potion of enlightenment {unknown}
 h - a potion of berserk rage {unknown}
 l - 3 potions of resistance
 n - 2 potions of invisibility
 r - 4 potions of haste
 s - 2 potions of magic
 t - 4 potions of heal wounds
 u - a potion of brilliance {unknown}
 v - a potion of experience {unknown}
 x - 2 potions of lignification {unknown}
 H - 2 potions of degeneration {unknown}
 L - 6 potions of curing
 M - 2 potions of attraction {unknown}


   Skills:
 + Level 6.5 Fighting
 + Level 6.0 Short Blades
 * Level 10.2 Axes
 + Level 5.1 Armour
 + Level 5.7 Dodging
 + Level 3.4 Stealth
 + Level 4.0 Shields


You had 10 spell levels left.
You didn't know any spells.
Your spell library was empty.

Dungeon Overview and Level Annotations

Branches:
Dungeon (10/15)            Temple (0/1) D:5            Lair (0/5) D:10
  Sewer (visited)
    Orc: D:9-12

Altars:
Ashenzari
Dithmenos
Kikubaaqudgha
Qazlal
Wu Jian
Xom
Yredelemnul

Shops:
D:1 (


Innate Abilities, Weirdness & Mutations

You have a pair of small horns on your head.
You are partially covered in thin metallic scales. (AC +2)
A meltable icy envelope protects you from harm. (AC +0)
A meltable shield of frost defends you. (SH +0)


Message History

The kobold demonologist is moderately wounded.
You completely miss the orange demon.
The kobold demonologist gestures wildly while chanting.
The orange demon misses you.
The orange demon hits you but does no damage.
You closely miss the kobold demonologist.
Your headbutt misses the kobold demonologist.
The kobold demonologist is moderately wounded.
You hit the orange demon. You freeze the orange demon.
The kobold demonologist casts a spell.
The orange demon barely misses you.
The orange demon hits you but does no damage.
You closely miss the kobold demonologist.
You headbutt the kobold demonologist.
The kobold demonologist is heavily wounded.
You hit the orange demon. You freeze the orange demon.
You hit the sun demon but do no damage.
You block the kobold demonologist's attack.
The sun demon hits you.
You are engulfed in flames!
Your icy defences dissipate!
The orange demon stings you but does no damage.
The orange demon completely misses you.
You barely miss the kobold demonologist.
The kobold demonologist is heavily wounded.
You hit the orange demon but do no damage.
You barely miss the sun demon. The sun demon hits you!
You are engulfed in flames!
The kobold demonologist hits you but does no damage.
You are too injured to fight recklessly!
You are too injured to fight recklessly!
You miss the kobold demonologist.
The kobold demonologist is heavily wounded.
You hit the orange demon. You freeze the orange demon.
You hit the sun demon but do no damage. The orange demon barely misses you.
The orange demon hits you.
You feel your attacks grow feeble. The sun demon hits you!!
* * * LOW HITPOINT WARNING * * *
You are engulfed in flames!
You die...

###..†...# ###
###.....####
##.........##
#...........##
..P......P...## ### .
......>.......###..# ...
...P......P........#....
#..P.....P..####...'....
##.........## #@4.#####
####.....#### #K3.#
............# #4.....
#######.....# #........
##.....# #...##..#
#......# #...# ###
#......# #...# #......#
#...+ ##....##


You could see a sun demon (summoned), an orange demon (summoned), a kobold
demonologist and a chaos spawn (summoned).

Vanquished Creatures
  A two-headed ogre (D:9)
  An ugly thing (D:8)
  An elephant (D:10)
  A kobold demonologist (D:9)
  A troll (D:9)
  Grinder (D:3)
  2 hornets (D:8)
  A vampire (D:9)
  2 wyverns
  2 steam dragons
  A yak (D:10)
  Menkaure (D:4)
  Edmund (D:4)
  A water moccasin (D:7)
  An acid dragon (D:9)
  3 orc warriors
  A hornet zombie (D:5)
  3 ice beasts (D:8)
  3 sky beasts (D:7)
  2 black bears (D:10)
  2 ogres
  3 centaurs
  A phantom (D:7)
  10 kobold brigands
  2 bullfrogs
  A gnoll sergeant (D:6)
  A scorpion (D:5)
  A brain worm (Sewer)
  A water moccasin zombie (D:5)
  3 wights (D:8)
  A water moccasin skeleton (D:5)
  10 killer bees
  A bombardier beetle (D:4)
  A bullfrog zombie (D:5)
  3 orc priests
  4 hounds
  2 bullfrog skeletons (D:5)
  A sleepcap (D:6)
  Natasha (thrice) (D:3)
  2 iguanas
  2 scorpion zombies (D:5)
  9 orc wizards
  A hound zombie (D:5)
  A hound skeleton (D:5)
  Robin (D:4)
  5 gnolls (D:6)
  6 adders
  A river rat (D:3)
  5 white imps
  2 ufetubi (D:6)
  3 dart slugs
  37 orcs
  6 endoplasms
  3 giant cockroaches
  16 goblins
  9 hobgoblins
  2 jackals (D:4)
  2 quokkas
  8 ball pythons
  4 bats
  6 frilled lizards
  30 kobolds
  9 rats
251 creatures vanquished.

Notes
Turn   | Place    | Note
-------+----------+-------------------------------------------
     0 | D:1      | AlmostDecent the Demonspawn Berserker began the quest for
                  | the Orb.
     0 | D:1      | Reached XP level 1. HP: 18/18 MP: 1/1
   113 | D:1      | Found Feosh's Antique Weapon Emporium.
   220 | D:1      | Found a faded altar of an unknown god.
   282 | D:1      | Reached skill level 3 in Axes
   282 | D:1      | Gained mutation: A meltable shield of frost defends you.
                  | (SH +0) [demonic ancestry]
   282 | D:1      | Reached XP level 2. HP: 24/24 MP: 2/2
   964 | D:2      | Reached XP level 3. HP: 16/29 MP: 3/3
  1098 | D:2      | Reached ** piety under Trog
  1595 | D:3      | Noticed Grinder
  1595 | D:3      | Paralysed by Grinder for 5 turns
  1614 | D:3      | Killed Grinder
  1615 | D:3      | Reached skill level 1 in Short Blades
  1615 | D:3      | Reached skill level 4 in Axes
  1615 | D:3      | Reached skill level 1 in Shields
  1615 | D:3      | Reached XP level 4. HP: 23/37 MP: 4/4
  1615 | D:3      | Reached XP level 5. HP: 27/42 MP: 5/5
  1669 | D:3      | Gained mutation: You are partially covered in thin metallic
                  | scales. (AC +2) [demonic ancestry]
  1669 | D:3      | Reached XP level 6. HP: 9/48 MP: 6/6
  1678 | D:3      | Found a glowing drain.
  1681 | Sewer    | Entered a sewer
  1845 | Sewer    | HP: 2/42 [kobold/+2 whip of draining (1)]
  1846 | Sewer    | Reached skill level 1 in Stealth
  2278 | Sewer    | Gained mutation: You have a pair of small horns on your
                  | head. [demonic ancestry]
  2278 | Sewer    | Reached XP level 7. HP: 52/54 MP: 7/7
  2711 | D:3      | Found an ornate altar of the Wu Jian Council.
  2716 | D:3      | Found a shimmering altar of Xom.
  2716 | D:3      | Found a broken altar of Ashenzari.
  2717 | D:3      | Noticed Natasha
  2728 | D:3      | Killed Natasha
  3009 | D:3      | Noticed Natasha
  3016 | D:3      | Killed Natasha
  3076 | D:3      | Noticed Natasha
  3088 | D:3      | Killed Natasha
  3520 | D:4      | Reached skill level 5 in Axes
  3586 | D:4      | Noticed Menkaure
  3586 | D:4      | Noticed Edmund
  3587 | D:4      | Noticed Robin
  3601 | D:4      | Killed Menkaure
  3602 | D:4      | Reached XP level 8. HP: 39/61 MP: 8/8
  3605 | D:4      | Killed Edmund
  3606 | D:4      | Killed Robin
  3615 | D:4      | Reached *** piety under Trog
  4254 | D:5      | Entered Level 5 of the Dungeon
  4951 | D:5      | Reached skill level 5 in Dodging
  5004 | D:5      | Reached skill level 5 in Fighting
  5087 | D:5      | Found a staircase to the Ecumenical Temple.
  5203 | D:5      | Found a shadowy altar of Dithmenos.
  5321 | D:6      | Gained mutation: A meltable icy envelope protects you from
                  | harm. (AC +0) [demonic ancestry]
  5321 | D:6      | Reached XP level 9. HP: 57/68 MP: 9/9
  5482 | D:6      | Reached **** piety under Trog
  5499 | D:6      | Reached skill level 5 in Short Blades
  5578 | D:6      | Found Ahua's Tiny Tomes.
  5865 | D:6      | Found an ancient bone altar of Kikubaaqudgha.
  5889 | D:6      | Reached skill level 6 in Axes
  5904 | D:6      | Found a stormy altar of Qazlal.
  5907 | D:6      | Found a basalt altar of Yredelemnul.
  6882 | D:7      | Reached skill level 7 in Axes
  6949 | D:7      | Identified the +7 quarterstaff of the Establishment {flame,
                  | ^Contam *Corrode Fly Dex+9}
  7150 | D:8      | Reached ***** piety under Trog
  7559 | D:8      | Reached XP level 10. HP: 74/74 MP: 10/10
  7598 | D:8      | Paralysed by a hornet for 2 turns
  8389 | D:8      | Reached skill level 8 in Axes
  8541 | D:9      | Noticed a two-headed ogre
  8557 | D:9      | Killed a two-headed ogre
  8882 | D:9      | Noticed a white ugly thing
  9003 | D:8      | Killed a white ugly thing
  9004 | D:8      | Reached skill level 9 in Axes
  9053 | D:9      | Reached skill level 5 in Armour
  9164 | D:9      | Noticed a sixfirhy
  9289 | D:9      | Identified a scroll of acquirement
  9392 | D:10     | Entered Level 10 of the Dungeon
  9407 | D:10     | Noticed an elephant
  9408 | D:10     | Found a staircase to the Lair.
  9418 | D:10     | Killed an elephant
  9419 | D:10     | Reached skill level 10 in Axes
  9420 | D:10     | Reached XP level 11. HP: 83/83 MP: 11/11
  9481 | D:10     | Noticed a sun demon
  9483 | D:10     | Slain by a sun demon

Illustrated notes

Levels and vault maps discovered:
D:1:      matt_arrival_spirals, layout_loops_ring,
          shapermc_ecumenical_altar_acropolis, serial_shops,
          nicolae_shop_getting_attention, serial_glass, glass_columns_b,
          glass_columns_b, glass_columns_c, glass_columns_b, glass_columns_a,
          glass_columns_b, feat_on_display, due_unseen_surprise
D:2:      layout_basic, minmay_misc_feat_pillars, nrook_loot_triangle
D:3:      layout_basic, grunt_temple_overflow_open,
          mainiacjoe_sewer_entry_somewhere_in_here_1, uniq_natasha, uniq_grinder
D:4:      layout_basic, uniq_menkaure, uniq_robin, uniq_edmund
D:5:      layout_loops_ring, mainiacjoe_overflow_alcove_1, temple_hall,
          serial_undead, serial_undead_c, serial_undead_a, serial_undead_c,
          serial_undead_a
D:6:      layout_basic, minmay_overflow_temple_star_quad, serial_corexii_hall,
          corexii_hall_statues_x, chequers_hall_statues_wall_a,
          corexii_hall_statues_s, corexii_hall_statues_s,
          corexii_hall_statues_u, chequers_hall_statues_y,
          nicolae_shop_i_like_small_books_too
D:7:      layout_loops_ring, eino_jars
D:8:      layout_loops_corners, kennysheep_cross_bottleneck
D:9:      layout_rooms
D:10:     layout_gridville, david_lair_generic, serial_library_hellmonk_u_bend,
          hangedman_incinerator

Skill      XL: |  1  2  3  4  5  6  7  8  9 10 |
---------------+-------------------------------+-----
Axes           | 3 4 5 7 10 | 10.2
Armour         | 2 4 5 |  5.1
Short Blades   | 1 2 3 4 6 |  6.0
Dodging        | 2 3 4 5 |  5.7
Shields        | 1 2 3 4 |  4.0
Fighting       | 4 5 6 |  6.5
Stealth        | 1 2 3 |  3.4

Action                     |  1- 3 |  4- 6 |  7- 9 | 10-12 || total
---------------------------+-------+-------+-------+-------++-------
  Melee: Short sword       |    88 |   116 |   624 |       ||   828
         Hand axe          |     5 |       |       |       ||     5
         Headbutt          |       |       |   163 |    22 ||   185
         Punch             |       |       |    13 |     2 ||    15
         War axe           |       |       |    76 |   138 ||   214
 Invoke: Berserk           |     1 |     4 |     7 |     6 ||    18
         Trog's Hand       |       |     2 |     3 |     4 ||     9
    Use: Scroll            |       |       |    16 |     2 ||    18
         Potion            |       |       |     1 |     1 ||     2
   Stab: Sleeping          |       |     1 |     5 |       ||     6
 Armour: Animal skin       |    36 |    69 |   123 |       ||   228
         Chain mail        |       |       |   300 |   145 ||   445
  Dodge: Dodged            |    43 |    66 |   349 |    84 ||   542
  Block: Other             |    14 |    21 |   106 |    26 ||   167

Table legend: (Time is in decaauts)
 A = Elapsed time spent in this place.
 B = Non-inter-level travel time spent in this place.
 C = Inter-level travel time spent in this place.
 D = Time resting spent in this place.
 E = Time spent auto-exploring this place.
 F = Levels seen in this place.
 G = Mean time per level.
                   A        B        C        D        E       F      G
               +--------+--------+--------+--------+--------+-----+--------+
         Total |   9549 |   9297 |    252 |    352 |   7073 |  11 |  868.1 |
       Dungeon |   8772 |   8520 |    252 |    352 |   6512 |  10 |  877.2 |
         Sewer |    776 |    776 |      0 |      0 |    561 |   1 |  776.0 |
               +--------+--------+--------+--------+--------+-----+--------+

Top non-repeatable levels by time:
     D:8: 1729 daAuts
     D:5: 1034 daAuts
     D:4: 995 daAuts
     D:3: 958 daAuts
     D:7: 924 daAuts
     D:1: 871 daAuts
     D:6: 848 daAuts
   Sewer: 776 daAuts
     D:2: 709 daAuts
     D:9: 602 daAuts
    D:10: 99 daAuts
